Map: Thunderbird LE

Players

Bumbler

  • Race: Terran Terran
  • League: Master
  • Spawn Location: 11:00

Mez - Winner!

  • Race: Terran Terran
  • League: Master
  • Spawn Location: 5:00

VOD

Have the link to the VOD?

Description

Time

  • Played on: Sept. 9, 2019, 2:52 p.m.
  • Length: 4:58
Show
View Real Time Build Order
Export as new Build Order

Bumbler Terran 

Build Orders: Liberator Opening, Reaper Expand 

Get SALT Encoding   

  12  0:00  SCV  
  13  0:13  SCV  
  14  0:17  Supply Depot  
  14  0:25  SCV  
  15  0:38  SCV  
  15  0:40  Barracks  
  16  0:47  Refinery  
  16  0:50  SCV  
  17  1:02  SCV  
  18  1:15  SCV  
  19  1:27  Orbital Command  
  19  1:30  Reaper  
  20  1:39  Command Center  
  20  1:53  SCV, Supply Depot  
  21  2:02  Marine  
  21  2:05  SCV  
  23  2:08  Refinery  
  23  2:13  Factory  
  23  2:17  SCV  
  23  2:33  SCV, Barracks Reactor  
  24  2:47  SCV  
  25  2:53  Orbital Command  
  24  2:59  SCV, Hellion  
  24  3:01  Starport  
  27  3:10  Marine x2  
  27  3:11  SCV  
  30  3:21  SCV  
  30  3:22  Factory Tech Lab  
  30  3:23  SCV  
  30  3:24  Liberator  
  32  3:29  Marine x2  
  32  3:33  SCV  
  35  3:35  SCV  
  35  3:39  Supply Depot  
  36  3:45  SCV  
  36  3:48  Siege Tank, Refinery  
  43  3:49  Marine x2  
  43  3:50  SCV  
  46  3:59  Supply Depot  
  46  4:01  SCV  
  46  4:02  SCV  
  48  4:06  Marine  
  48  4:07  Marine  
  48  4:08  Supply Depot  
  50  4:13  SCV  
  50  4:16  SCV  
  52  4:25  SCV  
  52  4:27  Barracks  
  53  4:31  Starport Reactor  
  53  4:33  Barracks  
  53  4:34  SCV  
  53  4:38  SCV, Refinery, Barracks Tech Lab  
Show
View Real Time Build Order
Export as new Build Order

Mez Terran - Winner!

Build Orders: Gas First Reaper Expand, Liberator Opening 

Get SALT Encoding   

  12  0:00  SCV  
  13  0:12  SCV  
  14  0:17  Supply Depot  
  14  0:26  SCV  
  14  0:27  Refinery  
  15  0:39  SCV  
  16  0:45  Barracks  
  16  0:51  SCV  
  17  1:03  SCV  
  18  1:15  SCV  
  19  1:32  Orbital Command  
  19  1:33  Reaper  
  20  1:44  Command Center  
  20  1:55  Factory  
  20  1:59  SCV  
  21  2:07  Supply Depot  
  21  2:08  Barracks Reactor  
  21  2:12  SCV  
  22  2:17  Refinery  
  22  2:29  SCV  
  23  2:41  SCV  
  24  2:47  Starport  
  24  2:52  Hellion x2  
  24  2:55  Barracks Tech Lab  
  24  2:56  SCV  
  29  3:19  SCV, Hellion x2  
  34  3:20  Marauder  
  34  3:24  Orbital Command  
  34  3:25  Medivac  
  37  3:33  Concussive Shells  
  37  3:38  Supply Depot  
  38  3:42  Liberator  
  38  3:45  Marauder  
  38  3:48  Hellion x2  
  43  3:54  SCV x2  
  48  4:06  Supply Depot  
  48  4:17  SCV x2  
  50  4:25  Cyclone  
  50  4:26  Marine  
  50  4:27  Marine  
  50  4:29  SCV x2  
  50  4:30  Supply Depot  
  57  4:41  SCV x2  
Tags
 
Add a new tag
Caveats
  • Supply blocks, unpowered buildings, or Contaminate may cause inaccurate times.
  • Supply counts are checked every 10 seconds.